 Dungeon Sprint DCSS version 0.30-a0-824-g6c64550be9 (webtiles) character file.

Game seed: 1520845226924343156

18143 rocky1 the Ninja (level 12, -17/115 HPs)
             Began as a Naga Brigand on Feb 28, 2023.
             Was an Initiate of Gozag.
             Killed from afar by a fire giant (90 damage)
             ... with a bolt of fire
             ... in the Dungeon (Sprint I: "Red Sonja").
             The game lasted 00:15:16 (4239 turns).

rocky1 the Ninja (Naga Brigand)                     Turns: 4239, Time: 00:15:17

Health: -17/115    AC: 12    Str: 18 (19) XL:     12   Next: 55%
Magic:  12/12      EV: 16    Int: 16      God:    Gozag
Gold:   4236       SH:  0    Dex: 21 (23) Spells: 11/11 levels left

rFire   x . .      SeeInvis +    p - +1 short sword (drain)
rCold   + + +      Faith    .    (no shield)
rNeg    + . .      Spirit   .    y - +3 leather armour of Befoepn {Rampage Dex+5}
rPois   +          Reflect  .    (no helmet)
rElec   +          Harm     .    c - +0 cloak
rCorr   +          Rampage  +    F - +1 pair of gloves
Will    +....      NoTele   +    (no barding)
Stlth   ++++++++++               B - amulet "Vigobyce" {RegenMP Fragile rElec rC++ rN+}
HPRegen 0.00/turn                A - ring of the Salamander {rElec Str+6 Int+4 Dex+2}
MPRegen 0.53/turn                (no ring)

@: resistant, gold aura, inhibited regen, very slow
A: AC +4, large, see invisible, deformed body, poison resistance, slowness 2,
spit poison 1, naga tail 1, deterioration 2, frail 1, inhibited regeneration,
weak 1, heat vulnerability 2, subdued magic 1, MP-powered wands
a: Spit Poison, Renounce Religion, Potion Petition, Call Merchant, Bribe Branch


You were in the Dungeon.
You worshipped Gozag.
Gozag was most pleased with you.
You visited 1 branch You collected 8001 gold pieces.
You spent 3495 gold pieces at shops.
You paid 270 gold pieces to Gozag.

Inventory:

Hand Weapons
 a - a +2 dagger
 p - a +1 short sword of draining (weapon)
Missiles
 d - 11 poisoned darts (quivered)
 l - 8 curare-tipped darts
Armour
 b - a +0 robe
 c - a +0 cloak (worn)
 m - a +0 leather armour
 y - the +3 leather armour of Befoepn (worn) {Rampage Dex+5}
   (You bought it in a shop in the Dungeon)

   Dex:       It affects your dexterity (+5).
   Rampage:   It bestows one free step when moving towards enemies.
 F - a +1 pair of gloves (worn)
 I - a +2 leather armour of fire resistance
Jewellery
 A - the ring of the Salamander (left hand) {rElec Str+6 Int+4 Dex+2}
   (You bought it in a shop in the Dungeon)

   [ring of strength]

   Str:       It affects your strength (+6).
   Int:       It affects your intelligence (+4).
   Dex:       It affects your dexterity (+2).
   rElec:     It insulates you from electricity.
 B - the amulet "Vigobyce" (around neck) {RegenMP Fragile rElec rC++ rN+}
   (You bought it in a shop in the Dungeon)

   [amulet of magic regeneration]

   It increases your rate of magic regeneration.
   rC:        It greatly protects you from cold.
   rElec:     It insulates you from electricity.
   rN:        It protects you from negative energy.
   Fragile:   It will be destroyed if unequipped.
 H - the amulet "Tapiur" {Fragile rF++ rN+ Regen+}
   (You acquired it in the Dungeon)

   [amulet of regeneration]

   rF:        It greatly protects you from fire.
   rN:        It protects you from negative energy.
   Regen:     It increases your rate of health regeneration.
   Fragile:   It will be destroyed if unequipped.
Wands
 e - a wand of flame (19)
Scrolls
 j - a scroll of enchant armour
 k - 3 scrolls of blinking
 n - a scroll of torment
 t - a scroll of butterflies
 w - a scroll of amnesia
 D - a scroll of fear
 E - a scroll of poison
 G - a scroll of immolation
Potions
 f - 8 potions of curing
 h - a potion of haste
 i - 2 potions of magic
 o - 2 potions of might
 q - 4 potions of lignification
 r - 2 potions of brilliance
 s - 4 potions of invisibility
 u - a potion of ambrosia
 v - a potion of resistance
 x - a potion of attraction
 z - a potion of degeneration
 C - 2 potions of heal wounds
Miscellaneous
 g - a lightning rod (4/4)


   Skills:
 + Level 14.0 Fighting
 + Level 14.1 Short Blades
 + Level 6.6 Throwing
 + Level 5.2 Armour
 + Level 9.7 Dodging
 O Level 27 Stealth
 * Level 10.5 Evocations


You had 11 spell levels left.
You didn't know any spells.
Your spell library contained the following spells:

 Spells                   Type           Power      Damage    Failure   Level
 Necrotise                Necr           0%         1d4       24%         1
 Vampiric Draining        Necr           0%         2d6       61%         3
 Agony                    Necr           0%         N/A       100%        5


Dungeon Overview and Level Annotations

Branches:
Dungeon (1/1)

Altars:
Cheibriados
Dithmenos
Elyvilon
Fedhas
Gozag
Hepliaklqana
Kikubaaqudgha
Makhleb
Nemelex Xobeh
Okawaru
Qazlal
Ru
Sif Muna
Trog
Uskayaw
Vehumet
Wu Jian
Xom
Yredelemnul
Zin
The Shining One
Jiyva
Lugonu

Shops:
D :**([!*:![:[:=!:(=*[:


Innate Abilities, Weirdness & Mutations

Your serpentine skin is tough. (AC +4)
You have supernaturally acute eyesight. (SInv)
Armour fits poorly on your strangely shaped body.
Your system is resistant to poisons. (rPois)
You cover ground very slowly.
You can spit poison.
You have a snake-like lower body.
Your body often deteriorates upon taking damage.
You are frail. (-10% HP)
You do not regenerate when monsters are visible.
You are weak. (Str -2)
You are very vulnerable to heat. (rF--)
Your spells are a little easier to cast, but a little less powerful.
You expend magic power (3 MP) to strengthen your wands.


Message History

There is an open door here.
A fire giant comes into view.
It is wielding a +0 great sword of flaming.
A fire giant comes into view.
It is wielding a +0 great sword of flaming.
A fire giant comes into view.
It is wielding a +0 great sword of flaming.
A fire giant comes into view.
It is wielding a +1 great sword of flaming.
Found five items.
You rampage towards the fire giant!
Found a scroll labelled SUOTSY AVOUGH and 91 gold pieces.
The helpless fire giant fails to defend itself.
You perforate the fire giant like a sieve!!!!!
You kill the fire giant!
You feel your intelligence returning.
Your Fighting skill increases to level 14!
You rampage towards the fire giant!
Found a twisted opal ring and 72 gold pieces.
The fire giant shouts! x3
You barely miss the fire giant.
The fire giant hits you with a +0 great sword of flaming!!
Your body deteriorates!
You feel weakened. The fire giant burns you!
Your body deteriorates!
You feel clumsy.
The fire giant attacks as you move away!
The fire giant hits you with a +0 great sword of flaming.
The fire giant burns you.
The fire giant points at you and mumbles some strange words.
The fireball explodes!
The fireball engulfs the fire giant!
The fire giant resists.
The fireball engulfs you. The fire burns you terribly!
Things that are here:
198 gold pieces; a +0 great sword of flaming The fire giant gestures at you while chanting.
The bolt of fire hits the fire giant!
The fire giant resists.
The bolt of fire misses you. The fire giant casts a spell at you.
The bolt of fire misses you.
You feel protected.
The fire giant points at you and mumbles some strange words.
The bolt of fire hits you!!!! The fire burns you terribly!
Ouch! That really hurt!
You die...
Your body crumbles into a pile of gold.

'###.###.#..##*,,**#..#+###,,~#§.
...'.∩##.#..#***$$*##...#,~,,##..
########.#*+*$$*$$*$###.#,~,,#...
......##.#*,*$$$$$$$$$#.#**,,#...
.......'§#***$$$$$$$$$#.#,',,##..
'.######.#,,+$$$$$$####'#,**'*#..
...§..§#§###**$$$###....#,*~~~##.
......#§.#?!:#####...####,*~~~~##
.....~####(..C.C@..###^,,,*~~~~~#
....~~##=?).C..#####,,^,****~~~~*
..~~~###$$....##^^,^,,,,*$$*'~~~'
~~~### #$....#*,,,,,^,,,*$$$**~~*
###'####$$$$$*,^,,^,,,,,*$$$$****
####∩∩#######*****^,,,,,*$$$$*~~~
∩∩∩∩∩###≈≈≈≈~~~~,*^,,,,,*******~~
###### #####******,^,,,,',,*,,'$$
*,,,,,+,,,,,,,,,,*,,',,*$$


You could see 3 fire giants.

Vanquished Creatures
  A golden dragon (D)
  A shadow dragon (D)
  A fire giant (D)
  A hydra (D)
  2 centaur warriors (D)
  Sonja (D)
  A deep troll (D)
  A lindwurm (D)
  8 shining eyes (D)
  An oklob plant (D)
  7 unseen horrors (D)
  2 kobold demonologists (D)
  4 demonic crawlers (D)
  A hornet (D)
  Sigmund (D)
  A slime creature (D)
  13 hogs (D)
  2 redbacks (D)
  A yak (D)
  7 floating eyes (D)
  An ogre (D)
  7 necrophages (D)
  8 jellies (D)
  Ijyb (D)
74 creatures vanquished.

Vanquished Creatures (others)
  2 ballistomycete spores (D)
2 creatures vanquished.

Grand Total: 76 creatures vanquished

Notes
Turn   | Place    | Note
-------+----------+-------------------------------------------
     0 | D        | rocky1 the Naga Brigand began the quest for the Orb.
     0 | D        | Reached XP level 1. HP: 19/19 MP: 1/1
     2 | D        | Noticed Ijyb
    10 | D        | Killed Ijyb
    11 | D        | Reached skill level 9 in Stealth
    11 | D        | Reached XP level 2. HP: 5/27 MP: 2/2
    11 | D        | Reached XP level 3. HP: 6/33 MP: 3/3
   433 | D        | Noticed an ogre
   436 | D        | Killed an ogre
   437 | D        | Reached skill level 1 in Dodging
   437 | D        | Reached skill level 12 in Stealth
   437 | D        | Reached XP level 4. HP: 42/42 MP: 4/4
   448 | D        | Noticed Sigmund
   451 | D        | Killed Sigmund
   452 | D        | Reached skill level 16 in Stealth
   452 | D        | Reached XP level 5. HP: 51/51 MP: 5/5
   452 | D        | Reached XP level 6. HP: 58/58 MP: 6/6
   465 | D        | Found an ornate altar of the Wu Jian Council.
   465 | D        | Found a shimmering blue altar of Sif Muna.
   467 | D        | Found a radiant altar of Vehumet.
   472 | D        | Reached skill level 17 in Stealth
   506 | D        | Found Utaonelul's Antique Weapon Emporium.
   506 | D        | Found an ancient bone altar of Kikubaaqudgha.
   506 | D        | Found a hazy altar of Hepliaklqana.
   506 | D        | Found a stormy altar of Qazlal.
   506 | D        | Found a hide-covered altar of Uskayaw.
   506 | D        | Found a blossoming altar of Fedhas.
   506 | D        | Found a bloodstained altar of Trog.
   506 | D        | Found an iron altar of Okawaru.
   506 | D        | Found a basalt altar of Yredelemnul.
   506 | D        | Found a glowing golden altar of the Shining One.
   506 | D        | Found a snail-covered altar of Cheibriados.
   506 | D        | Found a sacrificial altar of Ru.
   506 | D        | Found a glowing silver altar of Zin.
   506 | D        | Found a shadowy altar of Dithmenos.
   506 | D        | Found a white marble altar of Elyvilon.
   506 | D        | Noticed a yak
   507 | D        | Found an opulent altar of Gozag.
   508 | D        | Killed a yak
   509 | D        | Reached skill level 5 in Fighting
   509 | D        | Reached skill level 18 in Stealth
   509 | D        | Reached XP level 7. HP: 67/67 MP: 7/7
   509 | D        | Found a sparkling altar of Nemelex Xobeh.
   514 | D        | Became a worshipper of Gozag Ym Sagoz the Greedy
   521 | D        | Noticed Sonja
   525 | D        | Killed Sonja
   526 | D        | Reached skill level 5 in Short Blades
   526 | D        | Reached skill level 5 in Throwing
   526 | D        | Reached skill level 21 in Stealth
   526 | D        | Reached XP level 8. HP: 76/76 MP: 8/8
   622 | D        | Noticed a deep troll
   626 | D        | Killed a deep troll
   627 | D        | Reached skill level 1 in Armour
   627 | D        | Reached skill level 23 in Stealth
   637 | D        | Found Venepp's Armour Emporium.
   659 | D        | Found Dauxool's Book Boutique.
   711 | D        | Noticed a centaur warrior
   713 | D        | Noticed a centaur warrior
   715 | D        | Killed a centaur warrior
   716 | D        | Reached skill level 24 in Stealth
   716 | D        | Reached XP level 9. HP: 86/86 MP: 9/9
   741 | D        | Killed a centaur warrior
   742 | D        | Reached skill level 25 in Stealth
   896 | D        | Noticed a hornet
   908 | D        | Paralysed by a hornet for 2 turns
   914 | D        | Killed a hornet
  1176 | D        | Noticed an oklob plant
  1178 | D        | Killed an oklob plant
  1179 | D        | Reached skill level 26 in Stealth
  1189 | D        | Reached XP level 10. HP: 98/98 MP: 10/10
  1214 | D        | Noticed an unseen horror
  1214 | D        | Noticed an unseen horror
  1252 | D        | Killed an unseen horror
  1274 | D        | Killed an unseen horror
  1951 | D        | Found Zokhu's Book Shoppe.
  1951 | D        | Found Kus Hipt's Assorted Antiques.
  1951 | D        | Found Fybei's Distillery.
  1953 | D        | Found Abuh Fit's Armour Emporium.
  1953 | D        | Found Poapluf's Book Shop.
  1953 | D        | Found Vuzobus's Armour Shoppe.
  1953 | D        | Found Koblasok's Book Boutique.
  1953 | D        | Found Wunyu's Jewellery Emporium.
  1953 | D        | Found Vaod Wikh's Distillery.
  1953 | D        | Found Laegotiunn's Book Shoppe.
  1955 | D        | Bought a scroll labelled ZEIPRINTIN for 26 gold pieces
  1955 | D        | Bought a fizzy dark potion for 23 gold pieces
  1955 | D        | Bought a glowing dark potion for 23 gold pieces
  1955 | D        | Bought a potion of curing for 78 gold pieces
  1955 | D        | Bought a scroll labelled APO JA FANG for 26 gold pieces
  1959 | D        | Bought a potion of resistance for 100 gold pieces
  1959 | D        | Bought a potion of brilliance for 40 gold pieces
  1959 | D        | Bought a potion of attraction for 30 gold pieces
  1959 | D        | Bought a potion of degeneration for 10 gold pieces
  1959 | D        | Bought a potion of invisibility for 80 gold pieces
  1959 | D        | Found Kymyus's Weapon Boutique.
  1960 | D        | Found Niurema's General Store.
  1960 | D        | Found Pumig's Jewellery Boutique.
  1961 | D        | Found Xaobelir's Magic Scroll Emporium.
  1962 | D        | Bought the +3 leather armour of Befoepn {Rampage Dex+5} for
                  | 379 gold pieces
  1974 | D        | Bought the ring of the Salamander {rElec Str+6 Int+4 Dex+2}
                  | for 813 gold pieces
  1974 | D        | Bought the amulet "Vigobyce" {RegenMP Fragile rElec rC++
                  | rN+} for 781 gold pieces
  1981 | D        | Bought a potion of might for 56 gold pieces
  1981 | D        | Bought a potion of heal wounds for 70 gold pieces
  1981 | D        | Bought a potion of curing for 42 gold pieces
  1986 | D        | Bought a scroll of identify for 22 gold pieces
  1988 | D        | Bought a scroll of blinking for 82 gold pieces
  1988 | D        | Bought a scroll of fear for 44 gold pieces
  1988 | D        | Bought a scroll of poison for 44 gold pieces
  1990 | D        | Bought a scroll of identify for 22 gold pieces
  1990 | D        | Bought a scroll of identify for 22 gold pieces
  1990 | D        | Bought a scroll of identify for 22 gold pieces
  2037 | D        | Noticed a shining eye
  2037 | D        | Noticed a shining eye
  2037 | D        | Noticed a shining eye
  2037 | D        | Noticed a shining eye
  2037 | D        | Noticed a shining eye
  2037 | D        | Noticed a shining eye
  2039 | D        | Reached skill level 1 in Evocations
  2039 | D        | Noticed a shining eye
  2039 | D        | Noticed a shining eye
  2041 | D        | Killed a shining eye
  2042 | D        | Reached skill level 5 in Dodging
  2044 | D        | Killed a shining eye
  2045 | D        | Reached skill level 10 in Fighting
  2045 | D        | Reached skill level 27 in Stealth
  2048 | D        | Killed a shining eye
  2049 | D        | Reached skill level 10 in Short Blades
  2055 | D        | Gained mutation: You are dopey. (Int -2) [a shining eye]
  2057 | D        | Gained mutation: You are vulnerable to heat. (rF-) [a
                  | shining eye]
  2060 | D        | Gained mutation: Your tail ends in a venomous barb. [a
                  | shining eye]
  2063 | D        | Gained mutation: Your body sometimes deteriorates upon
                  | taking damage. [a shining eye]
  2063 | D        | Gained mutation: You occasionally lose the ability to read
                  | scrolls when taking damage. [a shining eye]
  2064 | D        | Killed a shining eye
  2065 | D        | Reached XP level 11. HP: 110/110 MP: 11/11
  2068 | D        | Lost mutation: Your tail ends in a venomous barb. [a
                  | shining eye]
  2068 | D        | Paralysed by a floating eye for 3 turns
  2069 | D        | Gained mutation: You sometimes lose the ability to read
                  | scrolls when taking damage. [a shining eye]
  2070 | D        | Gained mutation: You are frail. (-10% HP) [a shining eye]
  2075 | D        | Gained mutation: Your body often deteriorates upon taking
                  | damage. [a shining eye]
  2075 | D        | Paralysed by a floating eye for 2 turns
  2077 | D        | Killed a shining eye
  2077 | D        | Gained mutation: You are weak. (Str -2) [a shining eye]
  2077 | D        | Gained mutation: Your spells are a little easier to cast,
                  | but a little less powerful. [a shining eye]
  2083 | D        | Killed a shining eye
  2084 | D        | Reached skill level 5 in Evocations
  2088 | D        | Killed a shining eye
  2088 | D        | Gained mutation: You do not regenerate when monsters are
                  | visible. [a shining eye]
  2091 | D        | Gained mutation: You are very vulnerable to heat. (rF--) [a
                  | shining eye]
  2095 | D        | Killed a shining eye
  2130 | D        | Found Orirouxy's Assorted Antiques.
  2130 | D        | Found Lycyvet's Armour Shop.
  2130 | D        | Found Bischeus's Assorted Antiques.
  2130 | D        | Found Xiehaz's Distillery.
  2136 | D        | Bought a scroll labelled KAMMUE YTAXUF for 26 gold pieces
  2136 | D        | Bought a scroll labelled OZXOENLIGGO for 26 gold pieces
  2138 | D        | Bought a pair of runed gloves for 180 gold pieces
  2138 | D        | Bought a potion of heal wounds for 120 gold pieces
  2150 | D        | Bought a potion of curing for 30 gold pieces
  2150 | D        | Bought a potion of invisibility for 80 gold pieces
  2150 | D        | Bought a potion of mutation for 80 gold pieces
  2150 | D        | Bought a potion of curing for 30 gold pieces
  2150 | D        | Lost mutation: You are dopey. (Int -2) [potion of mutation]
  2150 | D        | Lost mutation: You sometimes lose the ability to read
                  | scrolls when taking damage. [potion of mutation]
  2150 | D        | Lost mutation: You occasionally lose the ability to read
                  | scrolls when taking damage. [potion of mutation]
  2150 | D        | Gained mutation: You expend magic power (3 MP) to
                  | strengthen your wands. [potion of mutation]
  2178 | D        | Found a burning altar of Makhleb.
  2178 | D        | Found a viscous altar of Jiyva.
  2178 | D        | Found a shimmering altar of Xom.
  2178 | D        | Found a corrupted altar of Lugonu.
  2220 | D        | Noticed a soul eater
  2535 | D        | Bought a scroll of identify for 22 gold pieces
  2535 | D        | Bought a scroll of identify for 22 gold pieces
  2535 | D        | Bought a scroll of identify for 22 gold pieces
  2535 | D        | Bought a scroll of identify for 22 gold pieces
  2588 | D        | Noticed a lindwurm
  2591 | D        | Killed a lindwurm
  2690 | D        | Noticed a 12-headed hydra
  2691 | D        | Killed a 12-headed hydra
  2692 | D        | Reached XP level 12. HP: 87/110 MP: 12/12
  2696 | D        | Paralysed by a floating eye for 2 turns
  3668 | D        | Noticed a shadow dragon
  3668 | D        | Noticed a golden dragon
  3673 | D        | Killed a shadow dragon
  3674 | D        | Reached skill level 5 in Armour
  3674 | D        | Killed a golden dragon
  3675 | D        | Identified the +7 flail "Mywkulots" {heavy, rPois}
  3734 | D        | Identified a scroll of acquirement
  3734 | D        | Acquired the amulet "Tapiur" {Fragile rF++ rN+ Regen+}
  3758 | D        | Found Lioleg's Book Shoppe.
  4010 | D        | Noticed a daeva
  4040 | D        | Reached skill level 10 in Evocations
  4228 | D        | Noticed a fire giant
  4231 | D        | Noticed a fire giant
  4232 | D        | Noticed a fire giant
  4233 | D        | Noticed a fire giant
  4234 | D        | Killed a fire giant
  4239 | D        | Killed from afar by a fire giant

Illustrated notes

Levels and vault maps discovered:
D:        dungeon_sprint_1 [red_sonja_temple_1, red_sonja_temple_small_1]

Skill      XL: |  1  2  3  4  5  6  7  8  9 10 11 12 |
---------------+-------------------------------------+-----
Throwing       | 2 3 4 5 6 |  6.6
Stealth        | 9 12 16 18 21 24 26 27 | 27.0
Fighting       | 3 4 5 6 7 8 10 12 14 | 14.0
Short Blades   | 3 4 5 6 7 10 12 14 | 14.1
Dodging        | 1 3 5 8 9 |  9.7
Armour         | 1 2 4 5 |  5.2
Evocations     | 4 8 10 | 10.5

Action                     |  1- 3 |  4- 6 |  7- 9 | 10-12 || total
---------------------------+-------+-------+-------+-------++-------
  Melee: Dagger            |     5 |     3 |     1 |       ||     9
         Short sword       |       |       |    40 |   415 ||   455
         Punch             |       |       |     1 |    11 ||    12
  Throw: Dart              |     3 |       |       |       ||     3
 Invoke: Potion Petition   |       |       |       |     1 ||     1
Ability: Spit Poison       |     1 |       |     2 |     3 ||     6
  Evoke: Lightning rod     |       |       |       |     5 ||     5
    Use: Potion            |       |       |     2 |     2 ||     4
         Scroll            |       |       |       |    13 ||    13
   Stab: Sleeping          |     1 |     3 |     5 |    29 ||    38
 Armour: Leather armour    |       |       |    17 |   116 ||   133
  Dodge: Dodged            |     1 |       |    27 |   188 ||   216

Table legend: (Time is in decaauts)
 A = Elapsed time spent in this place.
 B = Non-inter-level travel time spent in this place.
 C = Inter-level travel time spent in this place.
 D = Time resting spent in this place.
 E = Time spent auto-exploring this place.
 F = Levels seen in this place.
 G = Mean time per level.
                   A        B        C        D        E       F      G
               +--------+--------+--------+--------+--------+-----+--------+
         Total |   4401 |   4197 |    204 |   2628 |      0 |   1 | 4401.0 |
       Dungeon |   4401 |   4197 |    204 |   2628 |      0 |   1 | 4401.0 |
               +--------+--------+--------+--------+--------+-----+--------+

Top non-repeatable levels by time:
       D: 4401 daAuts
